 Dungeon Crawl Stone Soup version 0.30-a0-364-gf6b3ef1049 (webtiles) character file.

Game seed: 3776011349980363901

62062 kae the Alchemist (level 14, -3/116 HPs)
             Began as a Green Draconian Transmuter on Nov 15, 2022.
             Was a Believer of Ru.
             Succumbed to a cane toad's poison
             ... on level 4 of the Lair of Beasts.
             The game lasted 00:19:33 (19501 turns).

kae the Alchemist (Green Draconian Transmuter)     Turns: 19501, Time: 00:19:34

Health: -3/116     AC:  8    Str: 11    XL:     14   Next: 62%
Magic:  2/28       EV: 17    Int: 17    God:    Ru [**....]
Gold:   1093       SH:  0    Dex: 11    Spells: 12/33 levels left

rFire   . . .      SeeInvis .      - Unarmed
rCold   . . .      Faith    .    (shield currently unavailable)
rNeg    . . .      Spirit   +    (body armour unavailable)
rPois   +          Reflect  .    (helmet restricted)
rElec   .          Harm     .    (no cloak)
rCorr   .          Rampage  .    (gloves currently unavailable)
Will    +....      Clarity  +    (no boots)
Stlth   +.........               G - amulet of guardian spirit
HPRegen 0.39/turn                E - +4 ring of evasion
MPRegen 0.21/turn                Z - ring of wizardry

@: lethally poisoned (-3 -> -20), blade hands
A: breathe noxious fumes, AC +8, unfitting armour, stinger 1, dopey 1, poison
resistance, cold-blooded, hated by all, horns 1, clarity, weak 1
a: Breathe Noxious Fumes, End Transformation, Renounce Religion


You were on level 4 of the Lair of Beasts.
You worshipped Ru.
Ru was pleased with you.
You had blades for hands.
You visited 3 branches of the dungeon, and saw 17 of its levels.
You also visited: Sewer and Bailey.

You collected 1453 gold pieces.
You spent 360 gold pieces at shops.


Innate Abilities, Weirdness & Mutations

You have blades for hands.
Your spellcasting is less reliable in this form.
You are incapable of wielding weapons or throwing items.
You can breathe blasts of noxious fumes.
Your lurid green scales are hard. (AC +8)
You cannot fit into any form of body armour.
Your tail ends in a venomous barb.
You are dopey. (Int -2)
Your system is resistant to poisons. (rPois)
You are cold-blooded and may be slowed by cold attacks.
You are hated by all.
You have a pair of small horns on your head.
You possess an exceptional clarity of mind.
You are weak. (Str -2)


   Skills:
 + Level 8.7 Fighting
 + Level 4.7 Dodging
 + Level 12.6 Unarmed Combat
 + Level 10.3 Spellcasting
 * Level 15.3 Transmutations
 - Level 5.8 Ice Magic
 * Level 5.4 Earth Magic
 - Level 2.0 Poison Magic


You had 12 spell levels left.
You knew the following spells:

 Your Spells              Type           Power      Damage    Failure   Level
a - Beastly Appendage     Tmut           100%       N/A       1%          1
b - Wereblood             Tmut           57%        N/A       1%          2
c - Spider Form           Tmut/Pois      38%        N/A       5%          3
d - Ice Form              Ice/Tmut       44%        N/A       6%          4
e - Blade Hands           Tmut           28%        N/A       4%          5
f - Statue Form           Tmut/Erth      29%        N/A       30%         6

Your spell library contained the following spells:

 Spells                   Type           Power      Damage    Failure   Level
 Passwall                 Tmut/Erth      36%        N/A       3%          2
 Sandblast                Erth           54%        2d13      6%          1
 Petrify                  Tmut/Erth      44%        N/A       6%          4
 Alistair's Intoxication  Tmut/Pois      25%        N/A       16%         5
 Apportation              Tloc           16%        N/A       19%         1
 Poisonous Vapours        Pois/Air       24%        N/A       19%         2
 Stone Arrow              Conj/Erth      36%        3d9       19%         3
 Cigotuvi's Dreadful Rot  Necr/Pois/Air  22%        N/A       21%         2
 Blink                    Tloc           16%        N/A       24%         2
 Momentum Strike          Conj/Tloc      16%        3d8       24%         2
 Mephitic Cloud           Conj/Pois/Air  11%        N/A       30%         3
 Lee's Rapid Deconstruct  Erth           13%        3d9*      34%         5
 Inner Flame              Hex/Fire       8%         N/A       36%         3
 Kindle Blastsparks       Fire/Tloc/Air  16%        2d11      36%         3
 Lesser Beckoning         Tloc           16%        N/A       36%         3
 Metabolic Englaciation   Hex/Ice        9%         N/A       58%         5
 Flame Wave               Conj/Fire      8%         2d5       65%         4
 Fulminant Prism          Conj/Hex       4%         3d5       65%         4
 Iskenderun's Mystic Bla  Conj/Tloc      8%         2d4       65%         4
 Passage of Golubria      Tloc           8%         N/A       65%         4
 Sticky Flame             Conj/Fire      8%         2d3       65%         4
 Silence                  Hex/Air        4%         N/A       89%         5
 Iron Shot                Conj/Erth      9%         9d3       96%         6
 Borgnjor's Revivificati  Necr           4%         N/A       100%        8
 Lehudib's Crystal Spear  Conj/Erth      9%         10d4      100%        8
 Necromutation            Tmut/Necr      17%        N/A       100%        8
 Death's Door             Necr           4%         N/A       100%        9
 Animate Armour           Summ/Erth      Unusable   N/A       N/A         4

Inventory:

Missiles
 d - 4 silver boomerangs
 f - 85 stones
 g - 9 boomerangs
 l - 5 atropa-tipped darts
 o - 25 poisoned darts
Magical Staves
 i - a staff of death {!a}
   (You found it on level 2 of the Dungeon)
Jewellery
 c - a ring of ice
   (You found it on level 11 of the Dungeon)
 v - a ring of see invisible
   (You found it on level 3 of the Lair of Beasts)
 w - a ring of magical power
   (You found it on level 2 of the Lair of Beasts)
 C - a ring of ice
   (You took it off Fannar on level 3 of the Lair of Beasts)
 E - a +4 ring of evasion (left blade hand)
   (You found it on level 2 of the Dungeon)
 F - the ring of Ydou {Contam rElec rC+ Will+}
   (You acquired it on level 1 of the Lair of Beasts)

   [ring of willpower]

   rC:        It protects you from cold.
   rElec:     It insulates you from electricity.
   Contam:    It causes magical contamination when unequipped.
   Will:      It increases your willpower.
 G - an amulet of guardian spirit (around neck)
   (You found it on level 4 of the Dungeon)
 Q - an amulet of magic regeneration
   (You found it on level 4 of the Lair of Beasts)
 S - a +6 ring of strength
   (You found it on level 9 of the Dungeon)
 T - an amulet of faith {!P}
   (You found it on level 5 of the Dungeon)
 W - a ring of magical power
   (You took it off an orc on level 3 of the Dungeon)
 Z - a ring of wizardry (right blade hand)
   (You found it on level 2 of the Dungeon)
Wands
 k - a wand of roots (22)
   (You took it off Duvessa on level 5 of the Dungeon)
 u - a wand of paralysis (8)
   (You took it off a kobold on level 7 of the Dungeon)
 y - a wand of polymorph (2)
   (You found it on level 10 of the Dungeon)
 A - a wand of flame (31)
   (You took it off an orc on level 8 of the Dungeon)
 N - a wand of mindburst (4)
   (You took it off Amaemon on level 2 of the Lair of Beasts)
Scrolls
 e - 2 scrolls of amnesia
 h - 4 scrolls of blinking {!r}
 n - 2 scrolls of fear
 p - 3 scrolls of poison {!r}
 q - 2 scrolls of immolation {!r!r}
 H - a scroll of brand weapon
 I - 4 scrolls of enchant weapon
 J - 3 scrolls of vulnerability {!r!r}
 K - a scroll of magic mapping {!r}
 L - 2 scrolls of enchant armour
 O - 15 scrolls of teleportation {@r4}
 P - 2 scrolls of identify {@r1}
Potions
 a - 2 potions of lignification {!q}
 b - 2 potions of cancellation
 j - a potion of mutation {!q}
 m - 2 potions of attraction {!q}
 r - 2 potions of might
 s - 4 potions of curing {@q1}
 t - 10 potions of flight
 x - a potion of resistance
 z - 2 potions of haste {@q3}
 B - a potion of ambrosia
 D - a potion of invisibility
 M - 2 potions of magic
 R - 3 potions of heal wounds {@q2}
 U - a potion of brilliance {unknown}

Dungeon Overview and Level Annotations

Branches:
Dungeon (11/15) Zot: 25553  Temple (1/1) D:4 Zot: 5900    Lair (5/5) D:9 Zot: 24376
 Shoals (0/4) Lair:2       Spider (0/4) Lair:3        Slime (0/5) Lair:4
  Sewer (visited)          Bailey (visited)
    Orc: D:9-12

Altars:
Ashenzari
Cheibriados
Dithmenos
Elyvilon
Gozag
Kikubaaqudgha
Makhleb
Nemelex Xobeh
Okawaru
Qazlal
Ru
Sif Muna
Trog
Uskayaw
Vehumet
Wu Jian
Xom
Zin
The Shining One

Shops:
D:1 :   D:6 **   D:11 (

Annotations:
D:5 exclusion: 3 doors

..##.#.....#.#.##................
####.#.....###.####..............
######.....#......#......#.#.P...
....##..................#..###...
....###....#......#.....##....#..
.....#.....##...........#P....#..
...####....P#...P.#.........P..#.
#.## #.........##...........P..#.
##.###P.........@.......###.#..#.
.................................
.................................
#.###..#######.##..##.#########.#
### #### #.###.#### ### ### ### #


There were no monsters in sight!


Message History

The blink frog blinks!
The black mamba is stunned by your conviction and fails to attack.
There are monsters nearby!
There are monsters nearby!
You shred the black mamba!!!
You tail-slap the black mamba, but do no damage.
You slash the black mamba.
You kill the black mamba!
The cane toad barely misses you.
The blink frog begins to attack, but is stunned by your conviction!
The cane toad stings you.
You barely miss the cane toad.
You tail-slap the cane toad, but do no damage.
The cane toad is stunned by your conviction and fails to attack.
The blink frog begins to attack, but is stunned by your conviction!
The cane toad stings you!
The hornet stings you but does no damage.
You barely miss the hornet. The cane toad completely misses you.
The hornet stings you but does no damage.
You slash the hornet! Your headbutt misses the hornet.
The cane toad completely misses you. The cane toad barely misses you.
You redirect the blink frog's attack!
The blink frog hits you but does no damage.
The hornet completely misses you.
The blink frog blinks! 😕 HP[-17] MP[-2]
You take 17 damage, and now have 99/116 hp.
You lost 2 mp, and now have 22/28 mp.
You barely miss the hornet. The cane toad stings you!
You focus your inner power and illuminate the cane toad in retribution!
The cane toad misses you. The hornet misses you.
The blink frog blinks!
You slice the hornet!!
You kill the hornet!
The blink frog closely misses you. The cane toad barely misses you.
The komodo dragon bites you! The cane toad completely misses you.
The blink frog blinks! 😮 HP[-20] MP[-6]
You take 20 damage, and now have 79/116 hp.
You lost 6 mp, and now have 16/28 mp.
Unknown command.
You are too injured to fight recklessly!
You are too injured to fight recklessly!
You are too injured to fight recklessly!
You are too injured to fight recklessly!
You slash the komodo dragon! You headbutt the komodo dragon.
The water moccasin barely misses you.
The blink frog is stunned by your conviction and fails to attack.
The cane toad stings you!! The cane toad stings you!
* * * LOW HITPOINT WARNING * * *
The cane toad completely misses you. The komodo dragon closely misses you.
The blink frog hits you!
* * * LOW HITPOINT WARNING * * *
😨 HP[-32] MP[-7]
You take 32 damage, and now have 47/116 hp.
MASSIVE DAMAGE!! (PAUSE)
You lost 7 mp, and now have 9/28 mp.
You hit the komodo dragon but do no damage.
You headbutt the komodo dragon, but do no damage.
You tail-slap the komodo dragon, but do no damage.
You slash the komodo dragon. The water moccasin bites you.
* * * LOW HITPOINT WARNING * * *
You are poisoned.
The water moccasin poisons you!
You redirect the blink frog's attack!
The cane toad closely misses you. The cane toad barely misses you.
The blink frog misses you. The cane toad stings you.
Unknown command. 😨 HP[-5] MP[-2]
You take 5 damage, and now have 42/116 hp.
You lost 2 mp, and now have 7/28 mp.
You slice the komodo dragon!!
You headbutt the komodo dragon, but do no damage.
Your tail-slap misses the komodo dragon.
You feel sick. The water moccasin barely misses you.
The komodo dragon bites you!!
* * * LOW HITPOINT WARNING * * *
You redirect the blink frog's attack!
The blink frog hits itself!
The cane toad misses you. The cane toad stings you!
* * * LOW HITPOINT WARNING * * *
You are lethally poisoned!
The cane toad poisons you! 😱 HP[-29] MP[-5]
You take 29 damage, and now have 13/116 hp.
MASSIVE DAMAGE!! (PAUSE)
You lost 5 mp, and now have 2/28 mp.
Unknown command.
Unknown command.
Really read
h - 5 scrolls of blinking {!r}?
Blink to where?
Press: ? - help, Dir - move target
As you read the scroll of blinking {!r}, it crumbles to dust.
* * * LOW HITPOINT WARNING * * *
You feel extremely sick.
The blink frog blinks! 😱 HP[-6]
You take 6 damage, and now have 7/116 hp.
* * * LOW HITPOINT WARNING * * *
You feel very sick.
The blink frog begins to attack, but is stunned by your conviction!
You climb upwards.
You die...

Skill      XL: |  1  2  3  4  5  6  7  8  9 10 11 12 13 14 |
---------------+-------------------------------------------+-----
Transmutations | 3 4 5 7 8 10 12 13 14 15 | 15.3
Poison Magic   | 1 2 |  2.0
Spellcasting   | 3 4 5 7 8 9 10 | 10.3
Ice Magic      | 1 2 3 5 |  5.8
Unarmed Combat | 10 11 12 | 12.6
Fighting       | 5 6 7 8 |  8.7
Dodging        | 3 4 |  4.7
Earth Magic    | 2 5 |  5.4

Action                   |  1- 3 |  4- 6 |  7- 9 | 10-12 | 13-15 || total
-------------------------+-------+-------+-------+-------+-------++-------
Melee: Unarmed           |   120 |   147 |   392 |   103 |   635 ||  1397
       Headbutt          |    11 |     4 |     5 |     1 |    88 ||   109
       Kick              |    18 |     2 |       |       |     1 ||    21
       Punch             |     2 |     1 |     1 |     1 |    25 ||    30
       Tailslap          |    13 |     6 |     7 |    11 |    55 ||    92
 Cast: Beastly Appendage |    27 |     5 |       |       |     1 ||    33
       Spider Form       |     1 |    14 |     3 |       |       ||    18
       Ice Form          |       |     3 |    27 |     4 |    38 ||    72
       Wereblood         |       |       |     9 |     5 |    16 ||    30
       Blade Hands       |       |       |       |       |    14 ||    14
       Statue Form       |       |       |       |       |    16 ||    16
Invok: Reject Sacrifices |       |       |     1 |       |     2 ||     3
       Sacrifice Love    |       |       |     1 |       |       ||     1
       Sacrifice Purity  |       |       |       |       |     1 ||     1
 Abil: End Transformatio |       |       |     1 |       |     1 ||     2
       Breathe Noxious F |       |       |       |       |     1 ||     1
Evoke: Wand              |       |       |       |     8 |     3 ||    11
  Use: Scroll            |     4 |     7 |     2 |     2 |    12 ||    27
       Potion            |       |     5 |       |     3 |     1 ||     9
 Stab: Sleeping          |       |     1 |       |       |       ||     1
       Paralysed         |       |       |       |     5 |     1 ||     6
       Confused          |       |       |       |       |     1 ||     1
       Petrified         |       |       |       |       |     1 ||     1
Armor: Skin              |    31 |    19 |   115 |    26 |   288 ||   479
Dodge: Dodged            |    75 |   133 |   351 |    83 |   686 ||  1328

Levels and vault maps discovered:
D:1:      mrwooster_arrival_arrow, layout_basic, serial_shops, shop,
          serial_bayou_pond_c
D:2:      wander_river, layout_basic, hellmonk_ecumenical_altar_defaced_shrine
D:3:      layout_basic, lemuel_coloured_pillars_altar, uniq_natasha
D:4:      layout_loops_ring, minmay_temple_entry_hall
D:5:      layout_basic, mainiacjoe_overflow_big_doors,
          mainiacjoe_overflow_small_starburst, portal_sewer_entry_c,
          uniq_prince_ribbit1, uniq_duvessa
D:6:      layout_rooms, minmay_shop_damaged, nicolae_elemental_shop
D:7:      minmay_bubble_buster, layout_gridville, mainiacjoe_overflow_brackets,
          item_on_display_a
D:8:      minmay_diamond_stairs, layout_basic, enter_bailey_4
D:9:      layout_long_grid, lair_entry_dummy
D:10:     layout_irregular_city, kennysheep_little_box, grunt_gozag_statues,
          gammafunk_temple_overflow_pools, amcnicky_mini_rare_corridor_liquid
D:11:     layout_roguey, serial_shops, shop, nicolae_hepliaklqana_hippocampus
Temple:   dshaligram_water_room_temple
Lair:1:   layout_cave_pods, lemuel_fruit_fields, infiniplex_staircase_pool,
          grunt_megastairs_2, lemuel_fruit_tree
Lair:2:   layout_concentric_octagons, minmay_shoals_entry_beasts, uniq_harold,
          uniq_amaemon
Lair:3:   layout_cave_pods, hellmonk_spider_entry_not_the_bees, uniq_fannar
Lair:4:   layout_regular_city, slime_entry_1
Lair:5:   hangedman_lair_tendril_chambers, layout_concentric_octagons,
          uniq_kirke

Notes
Turn   | Place    | Note
-------+----------+-------------------------------------------
     0 | D:1      | kae the Draconian Transmuter began the quest for the Orb.
     0 | D:1      | Reached XP level 1. HP: 16/16 MP: 3/3
     0 | D:1      | magus.rc [v1.11.3]
   435 | D:1      | Found Xuwipriv's Book Emporium.
   478 | D:1      | Reached XP level 2. HP: 23/23 MP: 3/5
   965 | D:2      | Learned a level 2 spell: Wereblood
  1143 | D:2      | Reached skill level 3 in Transmutations
  1318 | D:2      | Reached XP level 3. HP: 24/28 MP: 4/6
  1322 | D:2      | Learned a level 3 spell: Spider Form
  1788 | D:2      | Found a faded altar of an unknown god.
  2012 | D:3      | HP: 7/28 [poisoned by an adder]
  2270 | D:3      | You pick up a book of Sloth and begin reading...
  2270 | D:3      | You add the spells Petrify, Metabolic Englaciation and
                  | Statue Form to your library.
  2392 | D:3      | Noticed Natasha
  2407 | D:3      | Killed Natasha
  2408 | D:3      | Reached skill level 1 in Poison Magic
  2408 | D:3      | Reached XP level 4. HP: 16/35 MP: 5/8
  2770 | D:3      | Noticed Natasha
  2791 | D:3      | Killed Natasha
  2792 | D:3      | Reached skill level 4 in Transmutations
  2867 | D:3      | Noticed Natasha
  2871 | D:3      | Killed Natasha
  2872 | D:3      | Reached skill level 3 in Spellcasting
  2872 | D:3      | Reached XP level 5. HP: 39/40 MP: 5/9
  2949 | D:3      | Found a bloodstained altar of Trog.
  2972 | D:3      | Learned a level 4 spell: Ice Form
  3391 | D:4      | Noticed a black bear
  3398 | D:4      | Killed a black bear
  3399 | D:4      | Reached skill level 1 in Ice Magic
  3399 | D:4      | Reached XP level 6. HP: 43/47 MP: 5/11
  3497 | D:4      | Reached skill level 5 in Transmutations
  3501 | D:4      | You pick up a book of Flames and begin reading...
  3501 | D:4      | You add the spells Inner Flame, Sticky Flame and Flame Wave
                  | to your library.
  3704 | D:4      | Found a staircase to the Ecumenical Temple.
  3710 | Temple   | Entered the Ecumenical Temple
  3800 | Temple   | Became a worshipper of Ru the Awakened
  3878 | D:4      | You pick up a book of Party Tricks and begin reading...
  3878 | D:4      | You add the spells Apportation and Alistair's Intoxication
                  | to your library.
  4102 | D:5      | Entered Level 5 of the Dungeon
  4280 | D:5      | Found a basalt altar of Yredelemnul.
  4458 | D:5      | Noticed Duvessa
  4458 | D:5      | Noticed Dowan
  4459 | D:5      | Found a glowing drain.
  4465 | D:5      | Gained mutation: You possess an exceptional clarity of
                  | mind. [potion of mutation]
  4465 | D:5      | Gained mutation: You are weak. (Str -2) [potion of
                  | mutation]
  4465 | D:5      | Gained mutation: You have a pair of small horns on your
                  | head. [potion of mutation]
  4476 | D:5      | Killed Duvessa
  4477 | D:5      | Reached skill level 2 in Ice Magic
  4481 | D:5      | Killed Dowan
  4482 | D:5      | Your scales start taking on a lurid green colour.
  4482 | D:5      | Reached skill level 2 in Poison Magic
  4482 | D:5      | Reached XP level 7. HP: 19/52 MP: 8/12
  4482 | D:5      | Gained mutation: Your system is resistant to poisons.
                  | (rPois) [Green Draconian growth]
  4486 | D:5      | Reached skill level 4 in Spellcasting
  4520 | Sewer    | Entered a sewer
  4752 | Sewer    | Reached skill level 6 in Transmutations
  4781 | Sewer    | Reached skill level 3 in Ice Magic
  5208 | D:5      | Found an ornate altar of the Wu Jian Council.
  5220 | D:5      | Found an iron altar of Okawaru.
  5230 | D:5      | Noticed Prince Ribbit
  5255 | D:5      | Killed Prince Ribbit
  5490 | D:5      | Reached skill level 7 in Transmutations
  5490 | D:5      | Reached XP level 8. HP: 59/59 MP: 6/15
  5632 | D:6      | Reached skill level 4 in Ice Magic
  5644 | D:6      | Reached skill level 5 in Spellcasting
  5781 | D:6      | Found Sejikol's Elemental Accessories.
  5787 | D:6      | Reached skill level 8 in Transmutations
  5909 | D:6      | Found Sappim's Lightly-Used Armoury.
  6122 | D:6      | Reached skill level 5 in Ice Magic
  6407 | D:7      | Reached XP level 9. HP: 44/64 MP: 8/17
  6563 | D:7      | Reached skill level 9 in Transmutations
  6645 | D:7      | Reached skill level 6 in Spellcasting
  6750 | D:7      | Identified the +1 ring mail of Beogh's Anger {Fly rN+}
  6764 | D:7      | Found a glowing golden altar of the Shining One.
  7649 | D:7      | Reached skill level 10 in Transmutations
  7704 | D:7      | Reached skill level 7 in Spellcasting
  7868 | D:7      | Gained mutation: You are hated by all. [Ru sacrifice]
  7868 | D:7      | Reached * piety under Ru
  7868 | D:7      | Reached ** piety under Ru
  7971 | D:8      | Noticed a troll
  7983 | D:8      | Killed a troll
  7984 | D:8      | Reached XP level 10. HP: 27/71 MP: 6/20
  7990 | D:8      | HP: 17/85 [something (7)]
  8028 | D:8      | Identified a potion of experience
  8030 | D:8      | Reached skill level 10 in Unarmed Combat
  8030 | D:8      | Reached XP level 11. HP: 33/77 MP: 11/21
  8052 | D:8      | Found a flagged portal.
  8081 | Bailey   | Entered a bailey
  8186 | Bailey   | Reached skill level 11 in Transmutations
  8227 | Bailey   | Reached skill level 2 in Fighting
  8536 | Bailey   | Noticed a vault guard
  8584 | Bailey   | Killed a vault guard
  8630 | Bailey   | Reached skill level 3 in Fighting
  8738 | Bailey   | Noticed a vault guard
  8741 | Bailey   | Reached skill level 5 in Fighting
  8741 | Bailey   | Reached skill level 11 in Unarmed Combat
  8741 | Bailey   | Reached skill level 8 in Spellcasting
  8741 | Bailey   | Reached skill level 12 in Transmutations
  8741 | Bailey   | Reached XP level 12. HP: 94/94 MP: 18/24
  8742 | Bailey   | Reached skill level 6 in Fighting
  8742 | Bailey   | Reached skill level 9 in Spellcasting
  8742 | Bailey   | Reached skill level 13 in Transmutations
  8742 | Bailey   | Reached XP level 13. HP: 103/103 MP: 18/26
  9488 | D:8      | Reached skill level 7 in Fighting
  9609 | D:8      | Reached skill level 2 in Dodging
 10006 | D:8      | Reached skill level 14 in Transmutations
 10887 | D:9      | You pick up a book of Vapours and begin reading...
 10887 | D:9      | You add the spells Poisonous Vapours, Cigotuvi's Dreadful
                  | Rot and Mephitic Cloud to your library.
 10890 | D:9      | Found a staircase to the Lair.
 11007 | D:9      | You pick up a book of Blasting and begin reading...
 11007 | D:9      | You add the spells Kindle Blastsparks, Fulminant Prism,
                  | Iskenderun's Mystic Blast and Lee's Rapid Deconstruction to
                  | your library.
 11409 | D:10     | Entered Level 10 of the Dungeon
 12162 | D:10     | Found a sparkling altar of Nemelex Xobeh.
 12162 | D:10     | Found a glowing silver altar of Zin.
 12307 | D:10     | Found an opulent altar of Gozag.
 12362 | D:10     | Reached skill level 12 in Unarmed Combat
 12445 | D:10     | Found a shimmering blue altar of Sif Muna.
 12979 | D:11     | Found Ecren's Weapon Emporium.
 12979 | D:11     | Identified the +9 mace of Precise Incision {speed, Fragile
                  | rElec rC- Stlth+}
 13055 | D:11     | Reached skill level 3 in Dodging
 13435 | D:11     | You pick up a book of Spatial Translocations and begin
                  | reading...
 13435 | D:11     | You add the spells Blink, Momentum Strike and Lesser
                  | Beckoning to your library.
 13698 | Lair:1   | Entered Level 1 of the Lair of Beasts
 13700 | Lair:1   | Identified a scroll of acquirement
 13700 | Lair:1   | Acquired the ring of Ydou {Contam rElec rC+ Will+}
 13887 | D:1      | Bought a book of Iron for 360 gold pieces
 13887 | D:1      | You pick up a book of Iron and begin reading...
 13887 | D:1      | You add the spells Blade Hands and Iron Shot to your
                  | library.
 13893 | D:1      | Learned a level 5 spell: Blade Hands
 13900 | D:1      | Learned a level 6 spell: Statue Form
 14250 | Lair:1   | Reached skill level 1 in Earth Magic
 14519 | Lair:1   | You pick up a book of Armaments and begin reading...
 14519 | Lair:1   | You add the spells Stone Arrow and Lehudib's Crystal Spear
                  | to your library.
 14527 | Lair:1   | Identified the +8 dagger "Gram" {vorpal, Int+2 Dex+4}
 14564 | Lair:1   | Reached skill level 2 in Earth Magic
 14706 | Lair:1   | Gained mutation: Your tail ends in a venomous barb. [Green
                  | Draconian growth]
 14706 | Lair:1   | Reached XP level 14. HP: 113/114 MP: 21/27
 14835 | Lair:1   | You pick up a book of the Moon and begin reading...
 14835 | Lair:1   | You add the spells Passage of Golubria and Silence to your
                  | library.
 15465 | Lair:2   | Noticed Harold
 15478 | Lair:2   | Killed Harold
 15500 | Lair:2   | You add the spells Borgnjor's Revivification, Necromutation
                  | and Death's Door to your library.
 15551 | Lair:2   | Found a staircase to the Shoals.
 15566 | Lair:2   | Reached skill level 8 in Fighting
 15566 | Lair:2   | Reached skill level 3 in Earth Magic
 15576 | Lair:2   | HP: 28/115 [poisoned by a water moccasin]
 15972 | Lair:2   | Gained mutation: You are dopey. (Int -2) [Ru sacrifice]
 16181 | Lair:2   | Noticed Amaemon
 16201 | Lair:2   | Killed Amaemon
 16638 | Lair:3   | Noticed Fannar
 16655 | Lair:3   | Killed Fannar
 16656 | Lair:3   | Reached skill level 4 in Dodging
 16656 | Lair:3   | Reached skill level 10 in Spellcasting
 16732 | Lair:3   | HP: 35/149 [death yak (12)]
 16734 | Lair:3   | Reached skill level 4 in Earth Magic
 17106 | Lair:3   | Found a hole to the Spider Nest.
 17225 | Lair:3   | Reached skill level 15 in Transmutations
 17888 | Lair:3   | Acquired 685 gold pieces
 17957 | Lair:4   | You pick up a book of Geomancy and begin reading...
 17957 | Lair:4   | You add the spells Sandblast and Passwall to your library.
 18747 | Lair:4   | Found a staircase to the Slime Pits.
 18978 | Lair:5   | Entered Level 5 of the Lair of Beasts
 19002 | Lair:5   | Reached skill level 5 in Earth Magic
 19498 | Lair:5   | HP: 24/116 [komodo dragon (16)]
 19499 | Lair:5   | HP: 7/116 [poisoned by a cane toad]
 19500 | Lair:5   | HP: 2/116 [poisoned by a cane toad]
 19501 | Lair:4   | Succumbed to a cane toad's poison

Vanquished Creatures
  Fannar (Lair:3)
  2 vault guards (Bailey)
  Harold (Lair:2)
  3 hydras
  A catoblepas (Lair:4)
  2 two-headed ogres (D:9)
  A centaur warrior (D:8)
  5 death yaks
  Amaemon (Lair:2)
  A manticore (Lair:2)
  4 elephants (Lair:5)
  A torpor snail (Lair:1)
  3 black mambas
  10 cane toads
  A gargoyle (D:11)
  5 komodo dragons
  An orange demon (Lair:2)
  2 rime drakes
  2 unseen horrors
  A meliai (Lair:3)
  2 trolls (D:8)
  A polar bear (Lair:4)
  A wind drake (Lair:2)
  A hornet (Lair:5)
  Prince Ribbit (D:5)
  3 blink frogs (Lair:4)
  8 wyverns
  28 yaks
  A wraith (D:10)
  3 basilisks
  A vampire (D:11)
  4 humans (Bailey)
  A redback (Lair:5)
  3 vampire mosquitoes (D:11)
  A steam dragon (D:8)
  12 water moccasins
  Duvessa (D:5)
  3 orc warriors (D:11)
  3 ice beasts
  5 sky beasts
  3 black bears
  2 centaurs (D:7)
  A phantom (D:7)
  23 bullfrogs
  2 kobold brigands (D:7)
  3 gnoll sergeants
  A scorpion (D:6)
  8 wights
  Dowan (D:5)
  29 killer bees
  An electric eel (Lair:1)
  2 howler monkeys (D:8)
  4 hounds
  3 jellies
  7 orc priests
  4 iguanas
  7 hell rats (Lair:4)
  Natasha (thrice) (D:3)
  10 orc wizards
  11 gnolls
  13 adders
  2 white imps
  3 worms
  41 orcs
  2 endoplasms (D:1)
  13 giant cockroaches
  13 goblins
  11 hobgoblins
  12 jackals (D:4)
  15 kobolds
  8 quokkas
  9 ball pythons
  A bat (D:2)
  11 frilled lizards
  12 rats
  A butterfly (Lair:1)
423 creatures vanquished.

Vanquished Creatures (others)
  A two-headed ogre (D:8)
  A water moccasin (Lair:1)
  A killer bee (D:9)
  3 orcs (D:8)
  12 fungi
  31 plants
49 creatures vanquished.

Grand Total: 472 creatures vanquished

Table legend:
 A = Non-vault XP
 B = Vault XP
 C = Vault XP percentage of total XP
 D = Non-vault monster count
 E = Vault monster count
 F = Vault count percentage of total count
                 A         B        C        D         E       F
            +---------+---------+-------+---------+---------+-------
      Total |   36344 |   14529 |  28.6 |     309 |     115 |  27.1
            +---------+---------+-------+---------+---------+-------
        D:1 |      18 |       0 |   0.0 |      12 |       0 |   0.0
        D:2 |      47 |       0 |   0.0 |      18 |       0 |   0.0
        D:3 |     108 |      35 |  24.5 |      19 |       1 |   5.0
        D:4 |     264 |       0 |   0.0 |      27 |       0 |   0.0
        D:5 |     292 |     493 |  62.8 |      11 |      10 |  47.6
        D:6 |    1165 |       0 |   0.0 |      22 |       0 |   0.0
        D:7 |    1375 |    1241 |  47.4 |      31 |      19 |  38.0
        D:8 |    1970 |    2691 |  57.7 |      24 |      11 |  31.4
        D:9 |    4311 |       0 |   0.0 |      31 |       0 |   0.0
       D:10 |    1553 |       0 |   0.0 |      17 |       0 |   0.0
       D:11 |    1736 |       0 |   0.0 |      18 |       0 |   0.0
     Lair:1 |    5466 |     515 |   8.6 |      16 |       3 |  15.8
     Lair:2 |    2876 |    2835 |  49.6 |       8 |       5 |  38.5
     Lair:3 |    4153 |    1401 |  25.2 |       9 |       5 |  35.7
     Lair:4 |    4322 |       0 |   0.0 |      24 |       0 |   0.0
     Lair:5 |    6688 |     819 |  10.9 |      22 |       4 |  15.4
      Sewer |       0 |     264 | 100.0 |       0 |      27 | 100.0
     Bailey |       0 |    4235 | 100.0 |       0 |      30 | 100.0
            +---------+---------+-------+---------+---------+-------

Illustrated notes

Table legend:
 A = Kills in this place as a percentage of kills in entire the game.
 B = Kills by you in this place as a percentage of kills by you in the entire game.
 C = Kills by friends in this place as a percentage of kills by friends in the entire game.
 D = Other kills in this place as a percentage of other kills in the entire game.
 E = Experience gained in this place as a percentage of experience gained in the entire game.
 F = Experience gained in this place divided by the number of levels of this place that you have seen.
                   A       B       C       D       E      F
               +-------+-------+-------+-------+-------+----------------------
         Total | 100.0 | 100.0 |   N/A | 100.0 | 100.0 | 2677.5
       Dungeon |  63.9 |  63.7 |   N/A | 100.0 |  34.0 | 1572.6
          Lair |  22.6 |  22.7 |   N/A |   0.0 |  57.2 | 5815.0
         Sewer |   6.4 |   6.4 |   N/A |   0.0 |   0.5 | 264.0
        Bailey |   7.1 |   7.1 |   N/A |   0.0 |   8.3 | 4235.0
               +-------+-------+-------+-------+-------+----------------------

Table legend: (Time is in decaauts)
 A = Elapsed time spent in this place.
 B = Non-inter-level travel time spent in this place.
 C = Inter-level travel time spent in this place.
 D = Time resting spent in this place.
 E = Time spent auto-exploring this place.
 F = Levels seen in this place.
 G = Mean time per level.
                   A        B        C        D        E       F      G
               +--------+--------+--------+--------+--------+-----+--------+
         Total |  19689 |  18764 |    925 |    665 |  15110 |  19 | 1036.3 |
       Dungeon |  12647 |  11876 |    771 |    441 |   9512 |  11 | 1149.7 |
        Temple |     99 |     78 |     21 |      0 |     66 |   1 |   99.0 |
          Lair |   5623 |   5491 |    132 |    176 |   4658 |   5 | 1124.6 |
         Sewer |    571 |    571 |      0 |      8 |    367 |   1 |  571.0 |
        Bailey |    747 |    747 |      0 |     40 |    506 |   1 |  747.0 |
               +--------+--------+--------+--------+--------+-----+--------+

Top non-repeatable levels by time:
     D:8: 1611 daAuts
     D:7: 1550 daAuts
     D:9: 1431 daAuts
  Lair:4: 1389 daAuts
  Lair:3: 1327 daAuts
  Lair:1: 1325 daAuts
  Lair:2: 1210 daAuts
     D:3: 1202 daAuts
     D:4: 1029 daAuts
    D:11: 1012 daAuts
    D:10: 993 daAuts
     D:2: 992 daAuts
     D:5: 982 daAuts
     D:1: 937 daAuts
     D:6: 902 daAuts
